 Dungeon Crawl Stone Soup version 0.16.0-18-g484a79e (webtiles) character file.

39 RobertPalmer the Caller (level 3, -3/21 HPs)
             Began as an Octopode Summoner on Mar 23, 2015.
             Slain by a hobgoblin
             ... wielding a +0 club
              (4 damage)
             ... on level 2 of the Dungeon.
             The game lasted 00:02:26 (1531 turns).

RobertPalmer the Caller (Octopode Summoner)         Turns: 1531, Time: 00:02:27

Health: -3/21      AC:  1    Str:  7    XL:     3   Next: 45%
Magic:  4/6        EV: 12    Int: 17    God:
Gold:   38         SH:  0    Dex: 13    Spells: 1 memorised, 5 levels left

rFire  . . .     SeeInvis .     e - +0 club
rCold  . . .     Clarity  .     (no shield)
rNeg   . . .     SustAb   .     (helmet restricted)
rPois  .         Gourm    .     (no amulet)
rElec  .         Spirit   .     (no ring)
rCorr  .         Warding  .     (no ring)
rMut   .         Stasis   .     (no ring)
MR     .....                    (no ring)
Stlth  +++.......               (no ring)
                                (no ring)
                                (no ring)
                                (no ring)

@: not resistant to hostile enchantments, fairly stealthy
A: almost no armour, amphibious, 8 rings, constrict 8, camouflage 1, gelatinous
body 1
a: no special abilities


You were on level 2 of the Dungeon.
You were hungry.

You visited 1 branch of the dungeon, and saw 2 of its levels.

You collected 38 gold pieces.

Inventory:

Hand weapons
 e - a +0 club (weapon)
   (You took it off a hobgoblin on level 1 of the Dungeon)
Jewellery
 f - an uncursed ring of poison resistance {unknown}
   (You found it on level 1 of the Dungeon)
Scrolls
 g - 2 scrolls of identify {unknown}
 i - a scroll of amnesia {unknown}
 j - a scroll of remove curse {unknown}
Potions
 h - 2 potions of might {unknown}
 k - a potion of heal wounds {unknown}
Books
 b - a book of Callings
Comestibles
 a - a beef jerky
 c - 2 bread rations {@e1}
 d - 6 fruits


   Skills:
 - Level 2.0 Dodging
 - Level 2.6 Stealth
 - Level 2.0 Spellcasting
 + Level 5.1 Summonings


You had 5 spell levels left.
You knew the following spells:

 Your Spells              Type           Power        Failure   Level  Hunger
a - Summon Small Mammal   Summ           ###.         2%          1    #......


Dungeon Overview and Level Annotations

Branches:
Dungeon (2/15)

Altars:


Innate Abilities, Weirdness & Mutations

You cannot wear most types of armour.
You are amphibious.
You can wear up to eight rings at the same time.
You can use your tentacles to constrict many enemies at once.
Your skin changes colour to match your surroundings (Stealth).
Your rubbery body absorbs attacks (AC +1).


Message History

Your quokka bites the giant mite.
You take 1 damage, and have 8/17 hp.
The giant mite bites your quokka.
Your quokka bites the giant mite but does no damage.
The giant mite bites your quokka.
Your quokka dies!
Your quokka's corpse disappears in a puff of smoke!
The giant mite misses you.
MP restored: 4 You hit the giant mite.
You kill the giant mite!
Your Summonings skill increases to level 5!
You have reached level 3!
Your experience leads to an increase in your attributes!
Increase (S)trength, (I)ntelligence, or (D)exterity?
You feel agile.
You feel sick.
MP restored: 6 You start resting.
You feel sick.
You are no longer poisoned.
You take 1 damage, and have 7/21 hp.
You start resting.
You regained 7 hp, and now have 14/21 hp.
You start resting.
Health restored: 21 Unknown command.
You see here 19 sling bullets.
You see here 19 sling bullets.
You are feeling hungry.
Found a stone staircase leading down.
There is an open door here.
There is a stone staircase leading down here.
You see here a club.
You see here 10 bolts.
Done exploring.
Done exploring.
(D) Dungeon
Where to? (? - help)
There is a stone staircase leading down here.
You climb downwards.
An adder and a kobold come into view.
There is a stone staircase leading up here.
You now have 5/6 mp.
The kobold shouts!
The kobold hits your rat with a dagger.
You now have 4/6 mp.
Your bat barely misses the adder.
Your rat bites the kobold.
The kobold hits your rat but does no damage.
You now have 3/6 mp.
You closely miss the adder. Your grab misses the adder.
Your bat completely misses the adder.
Something bites your rat.
Your rat dies!
Your rat's corpse disappears in a puff of smoke!
The adder bites you.
Your rat completely misses the adder.
An adder and a hobgoblin come into view.
You take 2 damage, and have 19/21 hp.
You hit the adder. Your grab misses the adder. The adder barely misses you.
Your bat closely misses the adder.
The adder moves out of view.
Your rat closely misses the adder.
The adder bites you.
You take 1 damage, and have 18/21 hp.
You miss the adder. You grab the adder.
You squeeze the adder, but do no damage.
You constrict the adder. Your bat hits the adder. The adder closely misses you.
Your rat bites the adder but does no damage.
The adder bites your rat.
Your rat dies!
Your rat's corpse disappears in a puff of smoke!
You hit the adder but do no damage. You squeeze the adder.
You kill the adder!
Your bat hits the hobgoblin but does no damage.
The hobgoblin barely misses your bat. The kobold hits you with a dagger.
Your bat hits the kobold but does no damage.
The kobold hits you with a dagger. The hobgoblin barely misses your bat.
A goblin comes into view. It is wielding a club.
You take 2 damage, and have 16/21 hp.
You hit the kobold. You grab the kobold.
You constrict the kobold, but do no damage.
Your bat closely misses the hobgoblin.
The kobold hits you with a dagger.
Your bat misses the hobgoblin.
You take 2 damage, and have 14/21 hp.
You hit the kobold.
You constrict the kobold, but do no damage.
Your bat hits the hobgoblin. The kobold hits you with a dagger.
You take 1 damage, and have 13/21 hp.
You hit the kobold.
You kill the kobold!
Your bat hits the hobgoblin but does no damage.
The hobgoblin hits your bat with a club.
You hit the hobgoblin but do no damage. Your grab misses the hobgoblin.
Your bat hits the hobgoblin. The goblin hits you with a club.
The hobgoblin hits you with a club.
* * * LOW HITPOINT WARNING * * *
You take 7 damage, and have 6/21 hp.
MASSIVE DAMAGE!!
You barely miss the goblin. Your grab misses the goblin.
Your bat hits the hobgoblin. The goblin hits you with a club.
* * * LOW HITPOINT WARNING * * *
The hobgoblin hits you with a club.
You die...

## ...
.....
#.....
......#
...b...##
.......gg#
.......†@#
...(.....#
.......##
.##...#
#.## ... #


You could see a hobgoblin, a goblin and a friendly bat.

Vanquished Creatures
  An adder (D:2)
  A giant mite (D:1)
  2 giant geckos (D:1)
  A giant cockroach (D:1)
  A goblin (D:1)
  2 hobgoblins (D:1)
  4 kobolds
  3 rats (D:1)
15 creatures vanquished.

Vanquished Creatures (collateral kills)
  A giant mite (D:1)
  An ooze (D:1)
  A goblin (D:1)
3 creatures vanquished.

Vanquished Creatures (others)
  2 quokkas (D:1)
  2 rats (D:2)
4 creatures vanquished.

Grand Total: 22 creatures vanquished

Notes
Turn   | Place    | Note
--------------------------------------------------------------
     0 | D:1      | RobertPalmer, the Octopode Summoner, began the quest for the Orb.
     0 | D:1      | Reached XP level 1. HP: 11/11 MP: 3/3
   586 | D:1      | Reached XP level 2. HP: 12/17 MP: 1/4
  1092 | D:1      | Reached skill level 5 in Summonings
  1092 | D:1      | Reached XP level 3. HP: 9/21 MP: 6/6
  1531 | D:2      | HP: 1/21 [goblin/club (5)]
  1531 | D:2      | Slain by a hobgoblin

Action                   || total
-------------------------++-------
Melee: Club              ||    38
       Unarmed           ||    10
 Cast: Summon Small Mamm ||    10
 Stab: Sleeping          ||     6
  Eat: Chunk             ||     1

Vault maps used:
D:1:      dpeg_arrival_round_c
D:2:      uniq_jessica, uniq_sigmund

Table legend:
 A = Turns spent in this place as a percentage of turns spent in the entire game.
 B = Non-inter-level travel turns spent in this place as a percentage of non-inter-level travel turns spent in the entire game.
 C = Inter-level travel turns spent in this place as a percentage of turns spent in this place.
 D = Turns resting spent in this place as a percentage of non-inter-level travel turns spent in this place.
 E = Turns spent auto-exploring this place as a percentage of non-inter-level travel turns spent in this place.
 F = Non-inter-level travel turns spent in this place divided by the number of levels of this place that you've seen.
                   A       B       C       D       E      F
               +-------+-------+-------+-------+-------+----------------------
         Total | 100.0 | 100.0 |   0.3 |   4.5 |   7.6 | 145.0
       Dungeon | 100.0 | 100.0 |   0.3 |   4.5 |   7.6 | 145.0
               +-------+-------+-------+-------+-------+----------------------

Table legend:
 A = Kills in this place as a percentage of kills in entire the game.
 B = Kills by you in this place as a percentage of kills by you in the entire game.
 C = Kills by friends in this place as a percentage of kills by friends in the entire game.
 D = Other kills in this place as a percentage of other kills in the entire game.
 E = Experience gained in this place as a percentage of experience gained in the entire game.
 F = Experience gained in this place divided by the number of levels of this place that you have seen.
                   A       B       C       D       E      F
               +-------+-------+-------+-------+-------+----------------------
         Total | 100.0 | 100.0 | 100.0 |  -nan | 100.0 |  28.0
       Dungeon | 100.0 | 100.0 | 100.0 |  -nan | 100.0 |  28.0
               +-------+-------+-------+-------+-------+----------------------
